 Dungeon Crawl Stone Soup version 0.30.1-11-g7821555f0a (webtiles) character file.

Game seed: 2267145812950800508

2267285 OmG the Planerender (level 27, 167/247 HPs)
             Began as a Demonspawn Summoner on Nov 15, 2023.
             Was the Champion of Nemelex Xobeh.
             Escaped with the Orb
             ... and 4 runes on Nov 22, 2023!
             The game lasted 09:35:19 (74663 turns).

OmG the Planerender (Demonspawn Summoner)          Turns: 74663, Time: 09:35:20

Health: 167/247    AC: 11    Str: 13    XL:     27
Magic:  54/65      EV: 29    Int: 34    God:    Nemelex Xobeh [******]
Gold:   4933       SH: 21    Dex: 20    Spells: 24/75 levels left

rFire   + + +        T - +1 scimitar of the Hairy God {heavy, rPois rN+ rCorr SInv}
rCold   + . .        X - +2 shield of Resistance {rF++ rC++ Will++}
rNeg    + + .        M - +2 robe {Archmagi}
rPois   +            p - +3 hat of Pondering {ponderous, Will+ MP+10 Int+5}
rElec   +            V - +2 cloak
rCorr   +            (gloves unavailable)
SInv    +            y - +1 pair of boots "Pint" {Will+ rCorr Dex+7 Slay-5}
Will    +++++        u - amulet of reflection
Stlth   +            E - ring "Ricuif" {rN+ Will+ Str+2 Int+7 Dex-5}
HPRegen 0.61/turn    W - ring of Disaster {rElec rF+ MP+9 SInv}
MPRegen 0.78/turn

%: repel missiles, reflection, guardian spirit, archmagi
@: calling dragons, studying Axes, slow
A: repulsion field 3, ignite blood 3, robust 3, magic shield, magic
regeneration, magic link, demonic touch 3, clumsy 1, deformed body, low MP 1,
mutation resistance 1, screaming 2, teleportitis 1, cold vulnerability 1
0: Orb of Zot
}: 4/15 runes: decaying, serpentine, slimy, silver
a: Renounce Religion, Draw Escape, Draw Destruction, Draw Summoning, Draw Stack,
Triple Draw, Deal Four, Stack Five


You escaped.
You worshipped Nemelex Xobeh.
Nemelex Xobeh was exalted by your worship.
You visited 14 branches of the dungeon, and saw 58 of its levels.
You also visited: Wizlab.

You collected 9955 gold pieces.
You spent 5022 gold pieces at shops.

Inventory:

Hand Weapons
 T - the +1 scimitar of the Hairy God (weapon) {heavy, rPois rN+ rCorr SInv}
   (You found it on level 3 of the Crypt)

   rPois:     It protects you from poison.
   rN:        It protects you from negative energy.
   SInv:      It lets you see invisible.
   rCorr:     It protects you from acid and corrosion.
Armour
 p - the +3 hat of Pondering (worn) {ponderous, Will+ MP+10 Int+5}
   (You found it on level 3 of the Elven Halls)

   Int:       It affects your intelligence (+5).
   MP:        It affects your magic capacity (+10).
   Will:      It increases your willpower.
 y - the +1 pair of boots "Pint" (worn) {Will+ rCorr Dex+7 Slay-5}
   (You found it on level 3 of the Elven Halls)

   Dex:       It affects your dexterity (+7).
   Slay:      It affects your accuracy & damage with ranged weapons and melee
   (-5).
   rCorr:     It protects you from acid and corrosion.
   Will:      It increases your willpower.
 M - a +2 robe of the Archmagi (worn)
 V - a +2 cloak (worn)
 X - the +2 shield of Resistance (worn) {rF++ rC++ Will++}
   (You bought it in a shop on level 2 of the Orcish Mines)

   rF:        It greatly protects you from fire.
   rC:        It greatly protects you from cold.
   Will:      It greatly increases your willpower.
Magical Staves
 z - the staff of death "Usi Duschotor" {rN+ Dex+2}
   (You found it on level 3 of the Elven Halls)

   [staff of death]

   Base accuracy: +5 Base damage: 5 Base attack delay: 1.2 This weapon's minimum
   attack delay (0.6) is reached at skill level 12.
   Dex:       It affects your dexterity (+2).
   rN:        It protects you from negative energy.
   It falls into the 'Staves' category.
   It is a one-handed weapon.
Jewellery
 h - a ring of protection from fire
 k - a ring of positive energy
 n - a +5 ring of evasion
 q - the ring of the Mutiny {rC+ Stlth+}
   (You found it on level 3 of the Depths)

   [ring of protection from cold]

   rC:        It protects you from cold.
   Stlth:     It makes you more stealthy.
 r - a ring of resist corrosion
 t - the ring "Huxor" {rPois rF+ EV+5}
   (You found it on level 5 of the Vaults)

   [ring of evasion]

   EV:        It affects your evasion (+5).
   rF:        It protects you from fire.
   rPois:     It protects you from poison.
 u - an amulet of reflection (around neck)
 A - an amulet of regeneration
 B - an amulet of faith
 D - the ring of Biettuxu {*Corrode Will++ Str+6 Int+3}
   (You took it off a deep elf master archer on level 3 of the Elven Halls)

   [ring of strength]

   Str:       It affects your strength (+6).
   Int:       It affects your intelligence (+3).
   *Corrode:  It may corrode you when you take damage.
   Will:      It greatly increases your willpower.
 E - the ring "Ricuif" (left hand) {rN+ Will+ Str+2 Int+7 Dex-5}
   (You found it on level 1 of the Depths)

   [ring of willpower]

   Str:       It affects your strength (+2).
   Int:       It affects your intelligence (+7).
   Dex:       It affects your dexterity (-5).
   rN:        It protects you from negative energy.
   Will:      It increases your willpower.
 G - a ring of flight
 J - a ring of willpower
 L - the ring "Femmochoiq" {Wiz rElec Str+3 Dex+5}
   (You found it on level 5 of the Pits of Slime)

   [ring of wizardry]

   It improves your spell success rate.
   Str:       It affects your strength (+3).
   Dex:       It affects your dexterity (+5).
   rElec:     It insulates you from electricity.
 N - the ring "Put Syqeli" {rElec EV+5 Int+2}
   (You took it off a deep elf death mage on level 3 of the Elven Halls)

   [ring of evasion]

   EV:        It affects your evasion (+5).
   Int:       It affects your intelligence (+2).
   rElec:     It insulates you from electricity.
 O - the ring of Tender Moments {rPois Str+8 Int+3}
   (You found it on level 5 of the Pits of Slime)

   [ring of poison resistance]

   Str:       It affects your strength (+8).
   Int:       It affects your intelligence (+3).
   rPois:     It protects you from poison.
 P - a ring of wizardry
 R - a ring of protection from cold
 W - the ring of Disaster (right hand) {rElec rF+ MP+9 SInv}
   (You found it on level 3 of the Elven Halls)

   [ring of see invisible]

   rF:        It protects you from fire.
   rElec:     It insulates you from electricity.
   MP:        It affects your magic capacity (+9).
   SInv:      It lets you see invisible.
 Y - the amulet "Allosyl" {Acrobat Rampage Fly MP+9 Dex+3}
   (You found it on level 5 of the Pits of Slime)

   [amulet of the acrobat]

   It increases your evasion while moving and waiting.
   Dex:       It affects your dexterity (+3).
   MP:        It affects your magic capacity (+9).
   Fly:       It grants you flight.
   Rampage:   It bestows one free step when moving towards enemies.
Wands
 H - a wand of digging (22)
Scrolls
 a - 8 scrolls of enchant armour
 e - 14 scrolls of fear
 j - 11 scrolls of magic mapping
 o - 2 scrolls of butterflies
 s - 10 scrolls of fog
 w - 29 scrolls of teleportation
 K - 7 scrolls of blinking
 Q - a scroll of enchant weapon
 S - 7 scrolls of amnesia
 Z - 2 scrolls of silence
Potions
 b - a potion of haste
 c - 30 potions of curing
 d - 7 potions of brilliance
 f - a potion of invisibility
 g - 5 potions of heal wounds
 i - 13 potions of might
 l - 10 potions of flight
 m - 8 potions of berserk rage
 v - 8 potions of mutation
 C - a potion of resistance
 F - 2 potions of cancellation
 I - 5 potions of ambrosia
Miscellaneous
 U - the horn of Geryon


   Skills:
 - Level 10.0 Fighting
 + Level 11.6 Long Blades
 + Level 18.9 Dodging
 - Level 2.2 Stealth
 + Level 13.9 Shields
 * Level 24.7 Spellcasting
 O Level 27 Summonings
 - Level 4.8 Air Magic
 O Level 27 Invocations


You had 24 spell levels left.
You knew the following spells:

 Your Spells              Type           Power      Damage    Failure   Level
a - Monstrous Menagerie   Summ           73%        N/A       0%          7
b - Call Imp              Summ           100%       N/A       0%          2
c - Call Canine Familiar  Summ           100%       N/A       0%          3
d - Summon Guardian Gole  Hex/Summ       100%       N/A       0%          3
e - Summon Lightning Spi  Summ/Air       100%       N/A       0%          4
f - Summon Forest         Summ/Tloc      58%        N/A       1%          5
g - Summon Hydra          Summ           73%        N/A       0%          7
h - Summon Cactus Giant   Summ           73%        N/A       0%          6
i - Blink                 Tloc           100%       N/A       1%          2
j - Dragon's Call         Summ           73%        N/A       1%          9
k - Swiftness             Air            85%        N/A       1%          3

Your spell library contained the following spells:

 Spells                   Type           Power      Damage    Failure   Level
 Summon Small Mammal      Summ           100%       N/A       0%          1
 Beastly Appendage        Tmut           100%       N/A       1%          1
 Freeze                   Ice            100%       1d10      1%          1
 Kiss of Death            Conj/Necr      100%       2d13      1%          1
 Magic Dart               Conj           100%       1d8       1%          1
 Sandblast                Erth           100%       2d20      1%          1
 Shock                    Conj/Air       100%       1d9       1%          1
 Slow                     Hex            100%       N/A       1%          1
 Cigotuvi's Dreadful Rot  Necr/Pois/Air  100%       N/A       1%          2
 Ensorcelled Hibernation  Hex/Ice        100%       N/A       1%          2
 Lesser Beckoning         Tloc           100%       N/A       1%          2
 Momentum Strike          Conj/Tloc      100%       3d10      1%          2
 Passwall                 Tmut/Erth      48%        N/A       1%          2
 Poisonous Vapours        Pois/Air       100%       N/A       1%          2
 Scorch                   Fire           100%       2d9       1%          2
 Searing Ray              Conj           100%       2d8       1%          2
 Static Discharge         Conj/Air       100%       2-7/arc   1%          2
 Sublimation of Blood     Necr           58%        N/A       1%          2
 Wereblood                Tmut           58%        N/A       1%          2
 Mephitic Cloud           Conj/Pois/Air  68%        N/A       1%          3
 Vhi's Electric Charge    Tloc/Air       100%       N/A       1%          3
 Airstrike                Air            42%        2d(7-23)  1%          4
 Animate Armour           Summ/Erth      100%       N/A       1%          4
 Summon Ice Beast         Ice/Summ       100%       N/A       1%          4
 Summon Mana Viper        Hex/Summ       100%       N/A       1%          5
 Confusing Touch          Hex            58%        N/A       3%          3
 Dazzling Flash           Conj/Hex       100%       N/A       3%          3
 Frozen Ramparts          Ice            100%       1d16      3%          3
 Hailstorm                Conj/Ice       58%        3d13      3%          3
 Ignite Poison            Fire/Tmut/Pois 58%        N/A       3%          3
 Inner Flame              Hex/Fire       58%        N/A       3%          3
 Ozocubu's Armour         Ice            58%        N/A       3%          3
 Spider Form              Tmut/Pois      58%        N/A       3%          3
 Stone Arrow              Conj/Erth      100%       3d13      3%          3
 Vampiric Draining        Necr           58%        2d10      3%          3
 Volatile Blastmotes      Fire/Tloc      100%       2d18      3%          3
 Spellforged Servitor     Conj/Summ      58%        N/A       3%          7
 Cause Fear               Hex            29%        N/A       12%         4
 Dispel Undead            Necr           58%        3d21      12%         4
 Flame Wave               Conj/Fire      58%        2d14      12%         4
 Fulminant Prism          Conj/Hex       29%        3d14      12%         4
 Iskenderun's Mystic Bla  Conj/Tloc      58%        2d12      12%         4
 Manifold Assault         Tloc           58%        N/A       12%         4
 Olgreb's Toxic Radiance  Pois           58%        N/A       12%         4
 Petrify                  Tmut/Erth      58%        N/A       12%         4
 Sticky Flame             Conj/Fire      58%        2d7       12%         4
 Arcjolt                  Conj/Air       36%        1d46      12%         5
 Freezing Cloud           Conj/Ice/Air   34%        6-21      17%         5
 Blade Hands              Tmut           29%        N/A       32%         5
 Borgnjor's Vile Clutch   Necr/Erth      29%        N/A       32%         5
 Fireball                 Conj/Fire      29%        3d13      32%         5
 Irradiate                Conj/Tmut      29%        3d21      32%         5
 Iskenderun's Battlesphe  Conj           58%        2d11      32%         5
 Lee's Rapid Deconstruct  Erth           29%        3d15*     32%         5
 Metabolic Englaciation   Hex/Ice        29%        N/A       32%         5
 Conjure Ball Lightning   Conj/Air       36%        3x3d12    54%         6
 Death Channel            Necr           29%        N/A       87%         6
 Dispersal                Tloc           29%        N/A       87%         6
 Eringya's Noxious Bog    Tmut/Pois      29%        N/A       87%         6
 Iron Shot                Conj/Erth      29%        9d6       87%         6
 Simulacrum               Ice/Necr       29%        N/A       87%         6
 Starburst                Conj/Fire      29%        6d9       87%         6
 Dragon Form              Tmut           29%        N/A       100%        7
 Orb of Destruction       Conj           29%        9d9       100%        7
 Borgnjor's Revivificati  Necr           29%        N/A       100%        8
 Discord                  Hex            29%        N/A       100%        8
 Disjunction              Tloc           29%        N/A       100%        8
 Ignition                 Fire           29%        3d9       100%        8
 Maxwell's Capacitive Co  Air            42%        ∞         100%        8
 Necromutation            Tmut/Necr      29%        N/A       100%        8
 Chain Lightning          Conj/Air       36%        3d48      100%        9
 Death's Door             Necr           29%        N/A       100%        9
 Fire Storm               Conj/Fire      29%        8d7       100%        9
 Shatter                  Erth           29%        3d24*     100%        9


Dungeon Overview and Level Annotations

Branches:
Dungeon (15/15)            Temple (1/1) D:7            Lair (5/5) D:9
  Swamp (4/4) Lair:3        Snake (4/4) Lair:3        Slime (5/5) Lair:4
    Orc (2/2) D:9             Elf (3/3) Orc:2        Vaults (5/5) D:14
  Crypt (3/3) Vaults:2       Tomb (0/3) Crypt:3      Depths (4/4) D:15
   Hell (visited)             Dis (0/7) Hell            Geh (1/7) Hell
    Coc (0/7) Hell            Tar (0/7) Hell            Zot (5/5) Depths:4
 WizLab (visited)

Altars:
Ashenzari
Cheibriados
Dithmenos
Fedhas
Gozag
Hepliaklqana
Kikubaaqudgha
Makhleb
Nemelex Xobeh
Okawaru
Qazlal
Ru
Sif Muna
Trog
Uskayaw
Vehumet
Wu Jian
Xom
Yredelemnul

Shops:
D:1 [?[   D:2 ?   D:11 *   Orc:2 ![*?   Elf:3 !   Vaults:1 (   Vaults:4 (
Depths:1 ?   Depths:3 (   Depths:4 ::=

Portals:
Hell: Depths:1 Depths:2 Depths:3 Depths:4
Abyss: Depths:3
Pandemonium: Depths:2 Depths:4
Ziggurat: Depths:4
Trove: D:14 (give +6 demon blade)

Annotations:
D:5 2 transporters


Innate Abilities, Weirdness & Mutations

You are surrounded by a strong repulsion field. (EV +4, RMsl)
Your demonic aura causes all spilled blood to erupt in flames.
You are extremely robust. (+30% HP)
When hurt, damage is shared between your health and your magic reserves.
You regenerate magic rapidly.
When low on magic, you restore magic in place of health.
Your touch may irresistibly damage your foes and sap their willpower.
You are clumsy. (Dex -2)
Armour fits poorly on your strangely shaped body.
Your magical capacity is low. (-10% MP)
You are somewhat resistant to further mutation.
You frequently scream uncontrollably at your foes.
You are occasionally teleported next to monsters.
You are vulnerable to cold. (rC-)


Message History

A dragon arrives to answer your call!
Your killer bee closely misses the Orb Guardian. x2
The Orb Guardian hits your killer bee!!!
Your killer bee dies!
Your killer bee's corpse disappears in a puff of smoke!
Your killer bee stings the Orb Guardian!
The Orb Guardian is poisoned.
Your killer bee poisons the Orb Guardian!
Your golden dragon breathes fire at the Orb Guardian.
The bolt of fire hits your fire dragon.
Your fire dragon resists.
The bolt of fire hits the Orb Guardian!!
Your fire dragon breathes flames at the Orb Guardian.
The blast of flame hits the Orb Guardian!!!
The Orb Guardian dies!
Your golden dragon is no longer moving slowly.
Your golden dragon disappears in a puff of smoke!
You see here a +0 club.
Your fire dragon disappears in a puff of smoke!
There is an open door here.
A hellwing comes into view.
Your killer bee misses the hellwing.
Your killer bee stings the hellwing but does no damage. x2
Your killer bee stings the hellwing.
Something barely misses your killer bee. x2
Your golden dragon disappears in a puff of smoke!
Your killer bee disappears in a puff of smoke!
You hear a chilling moan.
Your killer bee disappears in a puff of smoke!
You hear a shout!
Your killer bee disappears in a puff of smoke! x2
Your sphinx disappears in a puff of smoke!
A sun demon comes into view.
You hear a grinding noise.
A cacodemon comes into view.
There is a staircase leading out of the dungeon here.
You can't go down here!
The cacodemon gestures next to your quicksilver dragon.
You hear a grinding noise.
You have escaped!

#P...P#.............
##3..###...P......P.
#P3..P####2..4......
##...## .D..P..P...
#P.P.P# .##........#
##.P.##.# ###.....##
#P...P.# ##.##..#
##....# #.....'
#.@.# #####.# ##.##
#.###+# ### #.#....
#.#.... #.#....
##'#.... #.......
#######.......
#.............


You could see a cacodemon (ally target), 2 sun demons and a friendly quicksilver
dragon (summoned).

Vanquished Creatures
  A Killer Klown (Zot:5)
  Vashnia (Snake:2)
  A death cob (Zot:2)
  A sphinx (Vaults:5)
  2 shadow dragons
  A tengu reaver (Depths:2)
  2 rockslimes (Slime:5)
  4 fire giants
  2 deep elf sorcerers (Elf:3)
  2 frost giants
  4 vault wardens
  2 draconian shifters (Zot:4)
  A draconian stormcaller (WizLab)
  An orc warlord (Depths:1)
  A deep elf elementalist (Elf:3)
  7 very ugly things
  4 stone giants
  10 ironbound preservers
  A quicksilver ooze (Slime:5)
  7 vampire knights
  A deep elf demonologist (Elf:3)
  A green draconian (Zot:5)
  An eleionoma (Swamp:3)
  A spark wasp (Depths:2)
  2 deep elf annihilators (Elf:3)
  A yellow draconian (Zot:1)
  A white draconian (Zot:5)
  4 purple draconians
  2 red draconians (Depths:4)
  A bunyip (Vaults:5)
  An entropy weaver (Lair:3)
  5 deep elf death magi (Elf:3)
  3 yaktaur captains
  4 ettins
  A deep elf high priest (Elf:3)
  A fire dragon (Depths:4)
  An ice dragon (Depths:4)
  21 vault guards
  A peacekeeper (Vaults:2)
  A catoblepas (D:13)
  A death knight (Vaults:2)
  5 hydras
  4 anacondas
  2 ironbound frosthearts
  6 alligators
  2 deep troll earth magi
  2 centaur warriors
  2 vampire magi
  3 deep troll shamans
  2 dancing weapons (Elf:2)
  2 tengu warriors (Depths:2)
  3 two-headed ogres
  5 naga warriors
  10 naga sharpshooters
  2 shock serpents (Snake:4)
  A spriggan berserker (Depths:2)
  3 deep elf knights (Elf:2)
  3 hell hogs (Depths:2)
  2 iron trolls
  2 shadow wraiths (Crypt:2)
  28 deep trolls
  2 goliath frogs (Swamp:1)
  A spriggan druid (Swamp:3)
  3 glowing orange brains
  A tengu zombie (Depths:1)
  7 ironbound convokers
  A bog body (Swamp:2)
  3 naga ritualists
  3 wizards
  9 deep elf archers
  4 lindwurms
  10 deep elf zephyrmancers
  8 necromancers
  A wolf spider zombie (D:13)
  4 deep elf pyromancers
  6 mana vipers
  An orc sorcerer (Elf:1)
  5 cyclopes
  A manticore (D:13)
  2 stone giant zombies (Depths:1)
  10 ugly things
  A will-o-the-wisp (Swamp:3)
  A moth of wrath (Zot:4)
  A centaur zombie (D:13)
  5 elephants
  A guardian serpent (Snake:3)
  4 naga magi
  11 black mambas
  5 vault sentinels
  6 cane toads
  A gargoyle (D:10)
  An unseen horror (D:12)
  A death yak zombie (Crypt:2)
  4 komodo dragons
  A freezing wraith (Vaults:2)
  22 yaktaurs
  A meliai (D:15)
  7 hornets
  4 tengu conjurers
  4 trolls
  4 dream sheep (Lair:2)
  A water elemental (Elf:3)
  3 wyverns
  2 vampires
  5 spriggans
  6 yaks
  10 humans (D:14)
  2 basilisks (Lair:2)
  A fire elemental (Elf:3)
  9 nagas
  A swamp worm (Swamp:2)
  A warg (Depths:1)
  6 water moccasins
  A floating eye (Orc:2)
  5 orc warriors
  A swamp drake (Swamp:4)
  A sky beast (D:6)
  A black bear (Lair:2)
  2 ice beasts (D:6)
  A centaur (D:11)
  3 wolves
  11 ogres
  3 bullfrogs
  2 kobold brigands
  2 nameless horrors
  2 wights
  Dowan (D:7)
  5 killer bees
  3 howler monkeys
  A jelly (D:6)
  An orc priest (Orc:2)
  2 hounds (D:5)
  5 iguanas
  5 orc wizards
  5 gnolls
  An adder (D:4)
  2 white imps (D:6)
  An ufetubus (D:5)
  2 worms (D:5)
  2 dart slugs
  10 orcs
  A bat zombie (D:14)
  2 endoplasms (D:4)
  2 goblins
  5 hobgoblins
  4 jackals (D:4)
  A kobold (D:2)
  2 quokkas
  3 bats
  2 frilled lizards
  2 rats (D:2)
  A spectral orc (D:8)
  2 snaplasher vines
521 creatures vanquished.

Vanquished Creatures (collateral kills)
  the Royal Jelly (Slime:5)
  6 ancient liches
  A dread lich (Zot:5)
  Khufu (Crypt:1)
  7 orbs of fire (Zot:5)
  Mara (Depths:2)
  3 royal mummies (Crypt:1)
  Bai Suzhen (Snake:3)
  5 Killer Klowns
  Geryon (Hell)
  6 golden dragons
  2 bone dragons (Crypt:3)
  3 Brimstone Fiends
  An iron giant (Hell)
  A hellephant (Crypt:3)
  2 Tzitzimimeh
  An Ice Fiend (Zot:1)
  2 electric golems (Zot:5)
  27 Orb Guardians
  18 tentacled monstrosities
  A Hell Sentinel (Depths:2)
  Rupert (Lair:5)
  7 liches
  A deep elf blademaster (Elf:3)
  A searing wretch (Geh:1)
  2 deep elf master archers (Elf:3)
  4 titans (Vaults:5)
  3 quicksilver dragons
  An Executioner (D:2)
  The ghost of PanSaczeczos the Unseen, an adept VSGl of Uskayaw (Elf:3)
  12 ancient champions
  Agnes (Elf:2)
  32 acid blobs
  7 sphinxes
  6 death cobs
  A walking frostbound tome (Depths:3)
  12 shadow dragons
  12 storm dragons
  5 tengu reavers
  A thorn hunter (Swamp:4)
  7 revenants
  21 rockslimes
  29 azure jellies
  3 draconian monks
  A fenstrider witch (Swamp:3)
  Donald (Vaults:2)
  13 fire giants
  8 frost giants
  2 ghost moths (Zot:4)
  6 nagarajas
  4 deep elf sorcerers (Elf:3)
  Aizul (Depths:1)
  5 balrugs
  A draconian scorcher (Zot:3)
  An angel (Depths:3)
  A draconian stormcaller (WizLab)
  20 vault wardens
  2 curse skulls
  4 orc warlords
  2 deep elf elementalists
  3 reapers (Hell)
  3 draconian shifters
  12 ghouls
  3 draconian annihilators
  A demonspawn blood saint (Depths:4)
  8 war gargoyles
  11 stone giants
  2 green draconians
  16 ironbound preservers
  17 very ugly things
  16 vampire knights
  8 ironbound thunderhulks
  6 deep elf demonologists
  15 quicksilver oozes
  3 eleionomae
  6 deep elf annihilators
  5 black draconians
  3 bunyips
  2 spark wasps
  3 yellow draconians
  A lorocyproca (D:15)
  6 dire elephants
  6 blizzard demons
  6 ettins
  2 crystal guardians (Vaults:2)
  3 green deaths
  10 purple draconians
  4 eidola
  3 iron golems (Hell)
  5 deep elf high priests
  7 deep elf death magi
  9 statues (WizLab)
  8 jiangshi
  17 yaktaur captains
  16 great orbs of eyes
  An entropy weaver (Vaults:2)
  8 fire dragons
  A spriggan zombie (Crypt:2)
  20 vault guards
  Josephine (Orc:1)
  4 shambling mangroves
  4 ogre magi
  2 hell beasts (Geh:1)
  3 peacekeepers
  3 salamander tyrants
  21 hydras
  2 spriggan air magi
  15 ice dragons
  5 ironbound frosthearts
  2 rakshasas
  10 boulder beetles
  A centaur warrior (D:13)
  3 alligators
  2 spriggan skeletons (Crypt:3)
  A bennu zombie (Crypt:1)
  2 catoblepae
  20 dancing weapons
  14 two-headed ogres
  6 anacondas
  4 death knights
  A stoker (Geh:1)
  A fenstrider witch skeleton (Crypt:1)
  5 naga warriors
  2 tengu warriors (Depths:2)
  6 deep troll shamans
  6 vampire magi
  4 deep troll earth magi
  14 hell hogs
  11 naga sharpshooters
  2 orc high priests
  A shock serpent (Snake:1)
  4 spriggan berserkers
  9 deep elf knights
  9 soul eaters
  16 hell knights
  5 sun demons
  50 skeletal warriors
  22 spriggans
  2 salamander mystics
  3 sixfirhies
  A spectral anaconda (Lair:5)
  A glowing orange brain (shapeshifter) (Vaults:1)
  9 shadow wraiths
  A skyshark (Lair:2)
  2 spectral death yaks (Lair:5)
  47 deep trolls
  3 flayed ghosts
  8 iron trolls
  5 goliath frogs
  A death drake (Swamp:3)
  A deep troll (shapeshifter) (Depths:2)
  8 swamp dragons
  9 deep elf archers
  3 shadow demons (Geh:1)
  An elf simulacrum (Crypt:2)
  8 glowing orange brains
  8 bog bodies
  An obsidian statue (Lair:5)
  2 spriggan druids
  5 naga ritualists
  3 wizards
  8 lindwurms
  3 harpies (Vaults:5)
  27 deep elf pyromancers
  15 ironbound convokers
  6 mana vipers
  15 phantasmal warriors
  A steelbarb worm (shapeshifter) (Vaults:5)
  8 necromancers
  A shadow dragon skeleton (Crypt:3)
  3 cyclopes
  3 orc sorcerers
  7 shining eyes
  6 will-o-the-wisps
  2 wolf spiders
  21 deep elf zephyrmancers
  16 ugly things
  2 wolf spider zombies
  A fire giant zombie (Crypt:2)
  2 manticores
  A goliath frog skeleton (Crypt:2)
  17 elephants
  A guardian serpent (Lair:3)
  6 rust devils
  A human skeleton (Vaults:4)
  A fire giant skeleton (Crypt:1)
  6 eyes of devastation
  18 moths of wrath
  A black mamba (shapeshifter) (Vaults:5)
  8 centaur zombies (D:13)
  7 naga magi
  8 salamanders
  2 demonic crawlers
  A torpor snail (Lair:5)
  28 black mambas
  An orange demon (Depths:4)
  2 smoke demons (Depths:4)
  A gargoyle (D:13)
  11 vault sentinels
  A stone giant skeleton (Vaults:4)
  A black draconian zombie (Crypt:2)
  5 cane toads
  A centaur skeleton (D:15)
  3 unseen horrors
  24 yaktaurs
  An elf (Vaults:4)
  4 hellions
  6 komodo dragons
  5 ice devils
  A minotaur zombie (Crypt:2)
  An orb spider zombie (Crypt:3)
  A yaktaur (shapeshifter) (Elf:3)
  15 tengu conjurers
  8 freezing wraiths
  A kobold demonologist (D:12)
  A red devil (Depths:1)
  A hydra zombie (Crypt:2)
  3 guardian mummies
  3 tormentors
  A wolf spider simulacrum (D:15)
  8 trolls
  2 harpy zombies
  A meliai (shapeshifter) (Vaults:5)
  A polar bear (Lair:3)
  2 bloated husks (Swamp:1)
  24 hornets
  Prince Ribbit (D:9)
  A harpy skeleton (Crypt:3)
  6 meliai
  A tarantella (Vaults:2)
  A hydra skeleton (Crypt:1)
  10 tyrant leeches
  2 great orb of eyes zombies
  3 hellwings (Depths:4)
  An ettin zombie (Crypt:2)
  A meliai zombie (D:13)
  An alligator zombie (Crypt:2)
  8 dream sheep
  2 air elementals (Elf:2)
  81 slime creatures
  5 vampires
  3 shadows
  20 yaks
  A black mamba zombie (Crypt:3)
  A guardian serpent skeleton (Crypt:3)
  10 water elementals
  A satyr skeleton (Crypt:1)
  2 wyverns
  A dire elephant simulacrum (Lair:5)
  8 wraiths
  A ynoxinul (Depths:4)
  A wind drake zombie (Crypt:3)
  A wyvern (shapeshifter) (Vaults:4)
  A steam dragon (Lair:3)
  3 basilisks
  9 humans
  4 fire elementals
  A hog (shapeshifter) (D:15)
  11 golden eyes
  12 vampire mosquitoes
  A neqoxec (Depths:4)
  4 wargs
  A human zombie (Vaults:4)
  14 swamp worms
  A harpy simulacrum (Crypt:3)
  37 nagas
  2 acid dragons
  2 spectral cane toads (Lair:5)
  9 water moccasins
  A floating eye (shapeshifter) (Depths:4)
  3 hell hounds (Hell)
  2 floating eyes
  A hornet zombie (D:13)
  An elephant zombie (Lair:5)
  A merfolk skeleton (Crypt:2)
  12 orc warriors
  11 swamp drakes
  14 ogres
  A tengu (shapeshifter) (Vaults:5)
  A centaur (Vaults:5)
  13 wolves
  3 phantoms
  A kobold brigand (D:11)
  A yaktaur zombie (Crypt:3)
  A rime drake skeleton (Crypt:2)
  3 earth elementals
  7 bullfrogs
  3 necrophages
  A scorpion (D:6)
  10 wights
  13 killer bees
  9 howler monkeys
  An electric eel (Lair:3)
  A wolf zombie (Crypt:1)
  2 hounds
  11 orc priests
  2 jellies
  A scorpion zombie (Crypt:2)
  4 orc wizards
  5 hell rats (Hell)
  9 nameless horrors
  An ogre skeleton (Crypt:1)
  A hound zombie (Crypt:1)
  12 mummies (Crypt:3)
  A howler monkey zombie (Crypt:1)
  4 adders
  5 gnolls
  2 shadow imps (D:7)
  3 worms
  42 orcs
  4 bat zombies (D:14)
  4 endoplasms
  2 giant cockroaches (D:4)
  3 goblins
  3 hobgoblins
  2 jackals (D:4)
  12 kobolds
  3 quokkas
  A ball python (D:3)
  3 bats
  2 frilled lizards (D:1)
  A hobgoblin skeleton (Crypt:3)
  A quokka skeleton (Crypt:1)
  A rat zombie (D:14)
  4 butterflies
  A creeping inferno (Hell)
  A fire vortex (Hell)
  A spectral weapon (Vaults:5)
1982 creatures vanquished.

Vanquished Creatures (others)
  Xtahua (Depths:4)
  A storm dragon (Depths:4)
  A black draconian (Zot:5)
  A hydra (Lair:2)
  A naga sharpshooter (Snake:2)
  2 deep elf knights (Elf:3)
  A deep troll (Orc:2)
  A wizard (Depths:1)
  A deep elf pyromancer (Elf:1)
  2 deep elf zephyrmancers
  A black mamba (Lair:2)
  A cane toad (Lair:2)
  Maggie (D:7)
  2 tengu conjurers (WizLab)
  2 bloated husks
  A hornet (D:8)
  A dream sheep (Lair:3)
  A human (Vaults:4)
  A water moccasin (Lair:2)
  3 orc warriors
  Duvessa (D:7)
  4 wolves
  A scorpion (D:6)
  3 wights (D:6)
  2 killer bees (D:8)
  An orc priest (D:7)
  A gnoll bouda (D:6)
  2 adders (D:6)
  2 gnolls (D:6)
  3 orcs
  3 fire vortices (Hell)
  19 foxfires
  15 snaplasher vines
83 creatures vanquished.

Grand Total: 2586 creatures vanquished

Notes
Turn   | Place    | Note
-------+----------+-------------------------------------------
     0 | D:1      | OmG the Demonspawn Summoner began the quest for the Orb.
     0 | D:1      | Reached XP level 1. HP: 13/13 MP: 3/3
   224 | D:1      | Found Myuczodu's Armour Emporium.
   262 | D:1      | Gained mutation: Your demonic aura sometimes causes spilled
                  | blood to erupt in flames. [demonic ancestry]
   262 | D:1      | Reached XP level 2. HP: 16/19 MP: 1/5
   320 | D:1      | Found Domedegi's Magic Scroll Shoppe.
   323 | D:1      | Bought a scroll of identify for 28 gold pieces
   372 | D:1      | Found Vueweus's Armour Boutique.
   806 | D:1      | Found a faded altar of an unknown god.
  1155 | D:2      | Gained mutation: Your touch may inflict minor irresistible
                  | damage on your foes. [demonic ancestry]
  1155 | D:2      | Reached XP level 3. HP: 24/24 MP: 3/6
  1241 | D:2      | Found a transporter.
  1244 | D:2      | Found Neusiluf's Magic Scroll Shoppe.
  1299 | D:2      | Found a transporter.
  1463 | D:2      | Learned a level 2 spell: Call Imp
  1885 | D:3      | Gained mutation: You regenerate magic rapidly. [demonic
                  | ancestry]
  1885 | D:3      | Reached XP level 4. HP: 31/31 MP: 7/7
  1888 | D:3      | Reached skill level 1 in Fighting
  1983 | D:3      | Learned a level 3 spell: Call Canine Familiar
  2232 | D:4      | Reached skill level 5 in Summonings
  2268 | D:4      | Noticed an ogre
  2276 | D:4      | Killed an ogre
  2277 | D:4      | Gained mutation: Your touch may inflict irresistible damage
                  | on your foes. [demonic ancestry]
  2277 | D:4      | Reached XP level 5. HP: 38/38 MP: 7/9
  2347 | D:4      | Gained mutation: You are surrounded by a mild repulsion
                  | field. (EV +2) [demonic ancestry]
  2347 | D:4      | Reached XP level 6. HP: 45/45 MP: 9/11
  2430 | D:4      | Noticed an orc warrior
  2450 | D:3      | Learned a level 3 spell: Summon Guardian Golem
  2672 | D:4      | Killed an orc warrior
  2970 | D:4      | Gained mutation: You are surrounded by a moderate repulsion
                  | field. (EV +3) [demonic ancestry]
  2970 | D:4      | Reached XP level 7. HP: 48/52 MP: 9/12
  3193 | D:5      | Entered Level 5 of the Dungeon
  3526 | D:5      | Found an opulent altar of Gozag.
  3613 | D:5      | Found a transporter.
  3621 | D:5      | Noticed a shadow
  3632 | D:5      | Noticed a two-headed ogre
  3634 | D:5      | Found a stormy altar of Qazlal.
  3635 | D:5      | Found an ancient bone altar of Kikubaaqudgha.
  3691 | D:5      | Found a transporter.
  4590 | D:6      | Gained mutation: When hurt, damage is shared between your
                  | health and your magic reserves. [demonic ancestry]
  4590 | D:6      | Reached XP level 8. HP: 60/60 MP: 6/15
  4633 | D:6      | Reached skill level 5 in Spellcasting
  4821 | D:6      | Reached skill level 5 in Fighting
  5227 | D:7      | Found a radiant altar of Vehumet.
  5234 | D:7      | Reached XP level 9. HP: 45/68 MP: 9/17
  5354 | D:7      | Noticed Maggie
  5403 | D:7      | Killed Maggie
  5427 | D:7      | Found a staircase to the Ecumenical Temple.
  5441 | Temple   | Entered the Ecumenical Temple
  5471 | Temple   | Became a worshipper of Nemelex Xobeh the Trickster
  5655 | D:7      | Reached skill level 10 in Summonings
  5785 | D:7      | Noticed Dowan
  5793 | D:7      | Killed Dowan
  5796 | D:7      | Noticed Duvessa
  5805 | D:7      | Killed Duvessa
  5852 | D:7      | Noticed a +0 falchion
  5852 | D:7      | Noticed a +0 spear
  5853 | D:7      | Noticed a +0 dagger
  5853 | D:7      | Noticed a +0 short sword
  5853 | D:7      | Noticed a +0 falchion
  5854 | D:7      | Noticed a +0 dagger
  5854 | D:7      | Noticed a +0 spear
  5855 | D:7      | Noticed a +0 short sword
  5862 | D:7      | Found a hide-covered altar of Uskayaw.
  6237 | D:8      | Reached skill level 1 in Invocations
  6315 | D:8      | Reached XP level 10. HP: 65/77 MP: 12/20
  6393 | D:8      | Learned a level 4 spell: Summon Lightning Spire
  6513 | D:8      | Found a burning altar of Makhleb.
  6517 | D:8      | Found a sacrificial altar of Ru.
  6603 | D:8      | Reached * piety under Nemelex Xobeh
  6609 | D:8      | Found a hazy altar of Hepliaklqana.
  6631 | D:8      | Identified the -2 pair of gloves "Miocyx" {Str-2 Int+5
                  | Dex+3}
  6693 | D:8      | Found a bloodstained altar of Trog.
  6881 | D:9      | Received a gift from Nemelex Xobeh
  6990 | D:9      | Noticed a centaur warrior
  7003 | D:9      | Killed a centaur warrior
  7225 | D:9      | Found a staircase to the Orcish Mines.
  7291 | D:9      | Noticed Prince Ribbit
  7298 | D:9      | Killed Prince Ribbit
  7370 | D:9      | Reached skill level 5 in Invocations
  7591 | D:9      | Found a staircase to the Lair.
  7608 | D:9      | Received a gift from Nemelex Xobeh
  7961 | D:10     | Entered Level 10 of the Dungeon
  8020 | D:10     | Noticed a gargoyle
  8044 | D:10     | Killed a gargoyle
  8266 | D:10     | Gained mutation: You are robust. (+10% HP) [demonic
                  | ancestry]
  8266 | D:10     | Reached XP level 11. HP: 65/91 MP: 17/23
  8271 | D:10     | Noticed a two-headed ogre
  8280 | D:10     | Killed a two-headed ogre
  8350 | D:10     | Reached ** piety under Nemelex Xobeh
  8383 | D:10     | Noticed a two-headed ogre
  8388 | D:10     | Killed a two-headed ogre
  9085 | D:2      | Bought a scroll of acquirement for 676 gold pieces
  9085 | D:2      | Acquired 473 gold pieces
  9087 | D:2      | Bought a scroll of blinking for 97 gold pieces
  9087 | D:2      | Bought a scroll of magic mapping for 97 gold pieces
  9178 | D:1      | Bought a +2 robe of willpower for 247 gold pieces
  9390 | Lair:1   | Entered Level 1 of the Lair of Beasts
 10261 | Lair:1   | Noticed a catoblepas
 10273 | Lair:1   | Killed a catoblepas
 10516 | Lair:1   | Learned a level 5 spell: Summon Forest
 11166 | Lair:2   | Noticed a skyshark
 11177 | Lair:2   | Reached XP level 12. HP: 87/97 MP: 21/25
 11330 | Lair:2   | Noticed a five-headed hydra
 11341 | Lair:2   | Killed a five-headed hydra
 11363 | Lair:2   | Reached skill level 10 in Invocations
 11389 | Lair:2   | Noticed a six-headed hydra
 11401 | Lair:2   | Killed a six-headed hydra
 11438 | Lair:2   | Reached *** piety under Nemelex Xobeh
 11776 | Lair:3   | Received a gift from Nemelex Xobeh
 11778 | Lair:3   | Noticed a catoblepas
 11782 | Lair:3   | Reached skill level 15 in Summonings
 11950 | Lair:2   | Reached skill level 10 in Spellcasting
 11984 | Lair:3   | Noticed a four-headed hydra
 12475 | Lair:2   | Killed a catoblepas
 12682 | Lair:3   | Noticed a five-headed hydra
 12697 | Lair:3   | Killed a five-headed hydra
 12757 | Lair:3   | a yak changed into an entropy weaver
 12757 | Lair:3   | Noticed an entropy weaver
 13036 | Lair:3   | Gained mutation: Your demonic aura often causes spilled
                  | blood to erupt in flames. [demonic ancestry]
 13036 | Lair:3   | Reached XP level 13. HP: 52/103 MP: 12/27
 13569 | Lair:3   | Found a staircase to the Swamp.
 13740 | Lair:3   | Found a staircase to the Snake Pit.
 13819 | Lair:3   | Received a gift from Nemelex Xobeh
 14156 | Lair:3   | Reached **** piety under Nemelex Xobeh
 14764 | Lair:4   | Found a staircase to the Slime Pits.
 15023 | Lair:4   | Received a gift from Nemelex Xobeh
 15211 | Lair:4   | Learned a level 7 spell: Summon Hydra
 15235 | Lair:5   | Entered Level 5 of the Lair of Beasts
 15528 | Lair:5   | Received a gift from Nemelex Xobeh
 15692 | Lair:5   | Learned a level 7 spell: Monstrous Menagerie
 15743 | Lair:5   | Reached ***** piety under Nemelex Xobeh
 15781 | Lair:5   | Identified the +2 chain mail of the Furies {rN+ Slay+3}
 16024 | Lair:5   | Received a gift from Nemelex Xobeh
 16068 | Lair:5   | Noticed Rupert
 16070 | Lair:5   | Paralysed by Rupert for 3 turns
 16086 | Lair:5   | Killed Rupert
 16356 | Lair:5   | Noticed a dire elephant
 16356 | Lair:5   | Noticed a dire elephant
 16377 | Lair:5   | Noticed a dire elephant
 16379 | Lair:5   | Reached XP level 14. HP: 111/111 MP: 12/29
 16916 | Lair:5   | Identified the ring of Duhoobui {Str+6 Int+3 Dex+2}
 17350 | Orc:1    | Entered Level 1 of the Orcish Mines
 17407 | Orc:1    | Noticed an orc warlord
 17418 | Orc:1    | Killed an orc warlord
 17744 | Orc:1    | Noticed Josephine
 17745 | Orc:1    | Killed Josephine
 17904 | Orc:2    | Entered Level 2 of the Orcish Mines
 18253 | Orc:2    | Found a staircase to the Elven Halls.
 18253 | Orc:2    | Found Guet's Assorted Antiques.
 18266 | Orc:2    | Identified the +1 trident of the Puffin {heavy, rC+ rN+
                  | Stlth-}
 18514 | Orc:2    | Found Funaivo's Magic Scroll Boutique.
 18533 | Orc:2    | Reached skill level 15 in Invocations
 18557 | Orc:2    | Found Kuuwku Nism's Antique Armour Shoppe.
 18562 | Orc:2    | Found Funaivo's Distillery.
 18673 | Orc:2    | Received a gift from Nemelex Xobeh
 18911 | Orc:2    | Bought a pair of fine gloves for 285 gold pieces
 18911 | Orc:2    | Identified the +3 pair of gloves of Ethics {rElec rPois}
                  | (You bought it in a shop on level 2 of the Orcish Mines)
 18917 | Orc:2    | Bought a warped helmet for 228 gold pieces
 18917 | Orc:2    | Identified the +0 helmet of the Rose {rN+} (You bought it
                  | in a shop on level 2 of the Orcish Mines)
 18939 | Orc:2    | Bought a scroll of blinking for 105 gold pieces
 18939 | Orc:2    | Bought a scroll of blinking for 105 gold pieces
 18950 | Orc:2    | Bought a potion of heal wounds for 50 gold pieces
 18950 | Orc:2    | Bought a potion of heal wounds for 50 gold pieces
 18950 | Orc:2    | Bought a potion of curing for 30 gold pieces
 18950 | Orc:2    | Bought a potion of curing for 30 gold pieces
 18950 | Orc:2    | Bought a potion of curing for 30 gold pieces
 19262 | D:11     | Found Girr's General Store.
 19414 | D:11     | Gained mutation: Your demonic aura causes all spilled blood
                  | to erupt in flames. [demonic ancestry]
 19414 | D:11     | Reached XP level 15. HP: 95/116 MP: 9/31
 19556 | D:11     | Got Leyruijejo's Compilation of Attacks and Venin
 19564 | D:11     | Learned a level 6 spell: Summon Cactus Giant
 20166 | D:12     | Received a gift from Nemelex Xobeh
 20531 | D:12     | Received a gift from Nemelex Xobeh
 20957 | D:13     | Found a basalt altar of Yredelemnul.
 21170 | D:13     | Received a gift from Nemelex Xobeh
 21184 | D:13     | Identified the +0 scale mail of a volcano {Regen+}
 21642 | D:13     | Found the +10 morningstar "Eos" {elec, Halo rElec}
 22211 | D:14     | Found an ancient bone altar of Kikubaaqudgha.
 22362 | D:14     | Found a portal to a secret trove of treasure.
 22538 | D:14     | Reached ****** piety under Nemelex Xobeh
 22538 | D:14     | Received a gift from Nemelex Xobeh
 22919 | D:14     | Found a gate to the Vaults.
 23124 | D:15     | Entered Level 15 of the Dungeon
 23768 | D:15     | Received a gift from Nemelex Xobeh
 24095 | D:15     | Found a staircase to the Depths.
 24571 | Swamp:1  | Entered Level 1 of the Swamp
 24654 | Swamp:1  | Reached XP level 16. HP: 124/124 MP: 20/33
 25427 | Swamp:2  | Identified the -1 trident of Suenih {freeze, Drain rN+
                  | Will+ Dex+3}
 25829 | Swamp:2  | Received a gift from Nemelex Xobeh
 26826 | Swamp:3  | Received a gift from Nemelex Xobeh
 27737 | Swamp:4  | Entered Level 4 of the Swamp
 27908 | Swamp:4  | Paralysed by a hornet for 1 turns
 27983 | Swamp:4  | Noticed a tentacled monstrosity
 27990 | Swamp:4  | Killed a tentacled monstrosity
 28224 | Swamp:4  | Reached XP level 17. HP: 134/134 MP: 27/35
 28515 | Swamp:4  | Reached skill level 5 in Dodging
 28625 | Swamp:4  | Got a decaying rune of Zot
 29341 | Vaults:1 | Entered Level 1 of the Vaults
 30211 | Vaults:1 | Found Ladu's Antique Weapon Boutique.
 30231 | Vaults:1 | Received a gift from Nemelex Xobeh
 31286 | Vaults:1 | Paralysed by a great orb of eyes for 5 turns
 31829 | Snake:1  | Entered Level 1 of the Snake Pit
 31873 | Snake:1  | Received a gift from Nemelex Xobeh
 32043 | Snake:1  | Found a shimmering blue altar of Sif Muna.
 32229 | Orc:2    | Bought the +2 shield of Resistance {rF++ rC++ Will++} for
                  | 1692 gold pieces
 32229 | Orc:2    | Found the +2 shield of Resistance {rF++ rC++ Will++}
 32563 | Snake:1  | Reached XP level 18. HP: 140/145 MP: 23/36
 32980 | Snake:2  | Identified the +0 leather armour of the Narrow Bull {Dex+3}
 32988 | Snake:2  | Acquired 1071 gold pieces
 32990 | Snake:2  | Acquired 581 gold pieces
 33037 | Snake:2  | Noticed Vashnia
 33073 | Snake:2  | Killed Vashnia
 33190 | Snake:2  | Reached skill level 15 in Spellcasting
 33432 | Snake:2  | You fall into a shaft and drop 1 floor!
 33494 | Snake:3  | Received a gift from Nemelex Xobeh
 33680 | Snake:3  | Noticed Bai Suzhen
 33702 | Snake:3  | Killed Bai Suzhen
 33895 | Snake:3  | Received a gift from Nemelex Xobeh
 34194 | Snake:4  | Entered Level 4 of the Snake Pit
 34405 | Snake:4  | Reached skill level 10 in Fighting
 35756 | Snake:4  | Got a serpentine rune of Zot
 36313 | Vaults:2 | Received a gift from Nemelex Xobeh
 36534 | Vaults:2 | Gained mutation: Your touch may irresistibly damage your
                  | foes and sap their willpower. [demonic ancestry]
 36534 | Vaults:2 | Reached XP level 19. HP: 154/154 MP: 38/38
 37011 | Vaults:2 | Received a gift from Nemelex Xobeh
 37128 | Vaults:2 | Found a staircase to the Crypt.
 37128 | Vaults:2 | Found an ancient bone altar of Kikubaaqudgha.
 37129 | Vaults:2 | Found a basalt altar of Yredelemnul.
 38218 | Vaults:3 | Received a gift from Nemelex Xobeh
 38297 | Vaults:3 | Received a gift from Nemelex Xobeh
 38934 | Vaults:3 | Received a gift from Nemelex Xobeh
 39065 | Vaults:3 | You fall into a shaft and drop 1 floor!
 39580 | Vaults:4 | Gained mutation: When low on magic, you restore magic in
                  | place of health. [demonic ancestry]
 39580 | Vaults:4 | Reached XP level 20. HP: 118/161 MP: 12/40
 39741 | Vaults:4 | Received a gift from Nemelex Xobeh
 40249 | Vaults:4 | Reached skill level 10 in Dodging
 40284 | Vaults:4 | Found Uprediff's Weapon Emporium.
 41104 | Vaults:3 | Received a gift from Nemelex Xobeh
 41487 | Elf:1    | Entered Level 1 of the Elven Halls
 42236 | Elf:1    | Received a gift from Nemelex Xobeh
 42656 | Elf:1    | Identified the staff of conjuration "Muito" {rCorr Str+3}
 42967 | Elf:2    | Paralysed by an air elemental for 1 turns
 43117 | Elf:2    | Paralysed by an air elemental for 1 turns
 43219 | Elf:2    | Identified the +4 scale mail "Hukuttuc" {Regen+}
 43287 | Elf:2    | Found a runed translucent gate.
 43287 | Elf:2    | Found a runed translucent gate.
 43287 | Elf:2    | Found a runed translucent gate.
 43551 | Elf:2    | Found an ancient bone altar of Kikubaaqudgha.
 44184 | Elf:2    | Received a gift from Nemelex Xobeh
 44391 | Elf:2    | Noticed Agnes
 44398 | Elf:2    | Killed Agnes
 44548 | Elf:2    | Received a gift from Nemelex Xobeh
 45038 | Depths:1 | Entered Level 1 of the Depths
 45220 | Depths:1 | Gained mutation: You are very robust. (+20% HP) [demonic
                  | ancestry]
 45220 | Depths:1 | Reached XP level 21. HP: 156/183 MP: 38/42
 45320 | Depths:1 | Received a gift from Nemelex Xobeh
 45336 | Depths:1 | Noticed Aizul
 45352 | Depths:1 | Killed Aizul
 45483 | Depths:1 | Identified the ring "Ricuif" {rN+ Will+ Str+2 Int+7 Dex-5}
 45489 | Depths:1 | Learned a level 2 spell: Blink
 45712 | Depths:1 | You fall into a shaft and drop 1 floor!
 45712 | Depths:2 | Identified the +4 lajatang "Koure" {drain, *Rage *Corrode
                  | rPois MP+9}
 45768 | Depths:2 | Found a one-way gate leading to the halls of Pandemonium.
 45799 | Depths:2 | Found a magical portal.
 45810 | WizLab   | Entered Iskenderun's Mystic Tower
 47578 | WizLab   | Got Iskenderun's Tome of Assaults
 47817 | Depths:2 | Received a gift from Nemelex Xobeh
 47828 | Depths:2 | Noticed a golden dragon
 47835 | Depths:2 | Killed a golden dragon
 48353 | Depths:2 | Found an ornate altar of the Wu Jian Council.
 49050 | Depths:2 | Identified the +9 broad axe of Triumph {speed, rF+ rC+}
 49393 | Depths:2 | Received a gift from Nemelex Xobeh
 49449 | Depths:2 | Noticed Mara
 49454 | Depths:2 | Noticed OmG's illusion
 49613 | Depths:1 | Received a gift from Nemelex Xobeh
 49639 | Depths:1 | Found Asten's Magic Scroll Shop.
 49993 | Depths:1 | Found a gateway to Hell.
 50172 | Depths:2 | Reached XP level 22. HP: 190/190 MP: 39/43
 50542 | Depths:2 | Killed Mara
 50906 | Depths:3 | Reached skill level 27 in Summonings
 51117 | Depths:3 | Found a transporter.
 51155 | Depths:3 | Received a gift from Nemelex Xobeh
 51232 | Depths:3 | Noticed a golden dragon
 51242 | Depths:3 | Killed a golden dragon
 51504 | Depths:3 | Found Irghotsi's Weapon Shoppe.
 51541 | Depths:3 | Identified the +4 scale mail of Mordant Amelioration {rC-
                  | Str+4 Int+3}
 51624 | Depths:3 | Found a transporter.
 51769 | Depths:3 | Found a one-way gate to the infinite horrors of the Abyss.
 51823 | Depths:3 | Paralysed by a floating eye for 3 turns
 51837 | Depths:3 | Paralysed by a floating eye for 3 turns
 51858 | Depths:3 | Identified the +1 leather armour of Incorporation {rCorr
                  | Stlth+}
 51867 | Depths:3 | Got the Octavo of Stormy Changes
 51875 | Depths:3 | Identified the ring of the Mutiny {rC+ Stlth+}
 51882 | Depths:3 | Identified the ring "Zuehiud" {Will+ EV+5}
 52407 | Elf:3    | Entered Level 3 of the Elven Halls
 52580 | Elf:3    | Found a runed translucent gate.
 52580 | Elf:3    | Found a runed translucent gate.
 52582 | Elf:3    | Found a runed translucent gate.
 52583 | Elf:3    | Noticed PanSaczeczos's ghost (adept VSGl)
 52684 | Elf:3    | Killed PanSaczeczos's ghost
 52904 | Elf:3    | Identified the +1 pair of boots "Pint" {Will+ rCorr Dex+7
                  | Slay-5}
 53103 | Elf:3    | Found Zofiprel's Distillery.
 53115 | Elf:3    | Bought a potion of haste for 170 gold pieces
 53115 | Elf:3    | Bought a potion of cancellation for 136 gold pieces
 53850 | Elf:3    | Identified the +5 flail of Corporal Punishment {antimagic,
                  | rF- Str+4 Int+3}
 53850 | Elf:3    | Identified the ring of Kita {Ice rN+}
 53858 | Elf:3    | Identified the ring "Put Syqeli" {rElec EV+5 Int+2}
 54493 | Elf:3    | Identified the +0 plate armour of the Neverending Ships
                  | {rElec}
 54493 | Elf:3    | Identified the ring of Disaster {rElec rF+ MP+9 SInv}
 54692 | Elf:3    | Identified the ring of Biettuxu {*Corrode Will++ Str+6
                  | Int+3}
 54976 | Elf:3    | Received a gift from Nemelex Xobeh
 55015 | Elf:3    | Reached skill level 1 in Shields
 55208 | Elf:3    | Got the Compendium of Dark Liturgies and Ceraunoscopy
 55217 | Elf:3    | Found the +3 hat of Pondering {ponderous, Will+ MP+10
                  | Int+5}
 55230 | Elf:3    | Identified the +1 hat of Zoahiwk {Dex+3}
 55235 | Elf:3    | Got the Commentary on Spectral Conflagration
 55251 | Elf:3    | Identified the staff of death "Usi Duschotor" {rN+ Dex+2}
 56031 | Depths:4 | Entered Level 4 of the Depths
 56031 | Depths:4 | Found a one-way gateway to a ziggurat.
 56162 | Depths:4 | Noticed Xtahua
 56168 | Depths:4 | Killed Xtahua
 56466 | Depths:4 | Received a gift from Nemelex Xobeh
 56668 | Depths:4 | Found a gate to the Realm of Zot.
 56674 | Depths:4 | Reached XP level 23. HP: 185/198 MP: 27/45
 57717 | Depths:4 | Found Leteus's Jewellery Boutique.
 57717 | Depths:4 | Found Ofeuthrio's Book Emporium.
 57719 | Depths:4 | Found Veaq Ruune's Book Emporium.
 57729 | Depths:4 | Bought a book of the Dragon for 966 gold pieces
 57743 | Depths:4 | Learned a level 9 spell: Dragon's Call
 58720 | Slime:1  | Entered Level 1 of the Pits of Slime
 58733 | Slime:1  | Received a gift from Nemelex Xobeh
 59022 | Slime:1  | Received a gift from Nemelex Xobeh
 59640 | Slime:2  | Gained mutation: You are weak. (Str -2) [a shining eye]
 59644 | Slime:2  | Gained mutation: You have hidden genetic defects. [a
                  | shining eye]
 60163 | Slime:3  | Reached skill level 5 in Shields
 60173 | Slime:3  | Received a gift from Nemelex Xobeh
 60363 | Slime:4  | Gained mutation: Your spells are a little easier to cast,
                  | but a little less powerful. [hidden defects]
 60560 | Slime:4  | Received a gift from Nemelex Xobeh
 60607 | Slime:5  | Entered Level 5 of the Pits of Slime
 60716 | Slime:5  | Noticed the Royal Jelly
 61385 | Slime:5  | Killed the Royal Jelly
 61403 | Slime:5  | Gained mutation: Your body sometimes deteriorates upon
                  | taking damage. [hidden defects]
 61403 | Slime:5  | Lost mutation: You have hidden genetic defects. [hidden
                  | defects expressed]
 61436 | Slime:5  | Found the +3 pair of gauntlets of War {Slay+5}
 61444 | Slime:5  | Identified the ring "Femmochoiq" {Wiz rElec Str+3 Dex+5}
 61452 | Slime:5  | Got the Papyrus of Peregrination and the Mesa
 61453 | Slime:5  | Identified the ring of Tender Moments {rPois Str+8 Int+3}
 61498 | Slime:5  | Identified the amulet "Allosyl" {Acrobat Rampage Fly MP+9
                  | Dex+3}
 61501 | Slime:5  | Got a slimy rune of Zot
 61525 | Slime:5  | Identified the staff of conjuration "Viurch" {Will+ Int+2
                  | SInv}
 61649 | Slime:5  | Received a gift from Nemelex Xobeh
 62263 | Vaults:5 | Entered Level 5 of the Vaults
 62274 | Vaults:5 | Gained mutation: You are surrounded by a strong repulsion
                  | field. (EV +4, RMsl) [demonic ancestry]
 62274 | Vaults:5 | Reached XP level 24. HP: 122/206 MP: 9/47
 62275 | Vaults:5 | Reached skill level 15 in Dodging
 63140 | Vaults:5 | Identified the +10 dagger of Reusuhaykh {heavy, rElec rC+}
 63246 | Vaults:5 | Received a gift from Nemelex Xobeh
 63255 | Vaults:5 | Got a silver rune of Zot
 63502 | Vaults:5 | Received a gift from Nemelex Xobeh
 63612 | Vaults:5 | Identified the staff of poison "Heit" {rPois Str+6}
 63669 | Vaults:5 | Found the +10 tower shield of Ignorance {rN+ Int-4}
 63716 | Vaults:5 | Identified the ring "Huxor" {rPois rF+ EV+5}
 64052 | Vaults:5 | Received a gift from Nemelex Xobeh
 64130 | Vaults:5 | Identified the +5 flail of Doom {freeze, *Corrode Fly rPois
                  | rN+}
 64445 | Vaults:5 | Identified the +4 short sword of Hard Scrabble {venom,
                  | rElec rPois Stlth+}
 64669 | Crypt:1  | Entered Level 1 of the Crypt
 64672 | Crypt:1  | Noticed an ancient lich
 64675 | Crypt:1  | Noticed Donald
 64676 | Crypt:1  | Identified the +7 lajatang of Yredelemnul, Shrinking
                  | {flame, rC+ rCorr}
 64677 | Crypt:1  | Identified the +2 trident of Xedghuc {flame, Will+}
 64680 | Crypt:1  | Received a gift from Nemelex Xobeh
 64791 | Vaults:2 | Killed an ancient lich
 65342 | Vaults:2 | Killed Donald
 65468 | Crypt:1  | Gained mutation: You are extremely robust. (+30% HP)
                  | [demonic ancestry]
 65468 | Crypt:1  | Reached XP level 25. HP: 98/230 MP: 9/48
 65683 | Crypt:1  | Noticed a royal mummy
 65690 | Crypt:1  | Noticed a royal mummy
 65694 | Crypt:1  | Killed a royal mummy
 65696 | Crypt:1  | Killed a royal mummy
 65697 | Crypt:1  | Noticed a royal mummy
 65708 | Crypt:1  | Killed a royal mummy
 65727 | Crypt:1  | Noticed Khufu
 66210 | Crypt:1  | Killed Khufu
 66780 | Crypt:1  | Learned a level 3 spell: Swiftness
 66816 | Crypt:2  | Reached skill level 10 in Shields
 66995 | Crypt:2  | Received a gift from Nemelex Xobeh
 67122 | Crypt:2  | Reached skill level 27 in Invocations
 67245 | Crypt:2  | Reached skill level 1 in Air Magic
 67543 | Crypt:2  | Found a huge runed gate.
 67543 | Crypt:2  | Found a huge runed gate.
 67543 | Crypt:2  | Found a huge runed gate.
 67543 | Crypt:2  | Found a huge runed gate.
 67543 | Crypt:2  | Found a huge runed gate.
 67544 | Crypt:2  | Found a huge runed gate.
 67544 | Crypt:2  | Found a huge runed gate.
 67545 | Crypt:2  | Found a huge runed gate.
 67546 | Crypt:2  | Found a huge runed gate.
 67547 | Crypt:2  | Found a huge runed gate.
 67547 | Crypt:2  | Found a huge runed gate.
 67548 | Crypt:2  | Found a huge runed gate.
 67549 | Crypt:2  | Found a huge runed gate.
 67550 | Crypt:2  | Found a huge runed gate.
 67558 | Crypt:2  | Found a huge runed gate.
 67558 | Crypt:2  | Found a huge runed gate.
 67558 | Crypt:2  | Found a huge runed gate.
 67558 | Crypt:2  | Found a huge runed gate.
 67558 | Crypt:2  | Found a huge runed gate.
 67558 | Crypt:2  | Found a huge runed gate.
 67559 | Crypt:2  | Found a huge runed gate.
 67560 | Crypt:2  | Found a huge runed gate.
 67561 | Crypt:2  | Found a huge runed gate.
 67569 | Crypt:2  | Found a huge runed gate.
 67569 | Crypt:2  | Found a huge runed gate.
 67569 | Crypt:2  | Found a huge runed gate.
 67569 | Crypt:2  | Found a huge runed gate.
 67572 | Crypt:2  | Found a huge runed gate.
 67573 | Crypt:2  | Found a huge runed gate.
 67574 | Crypt:2  | Found a huge runed gate.
 67575 | Crypt:2  | Found a huge runed gate.
 67576 | Crypt:2  | Found a huge runed gate.
 67584 | Crypt:2  | Found a huge runed gate.
 67584 | Crypt:2  | Found a huge runed gate.
 67584 | Crypt:2  | Found a huge runed gate.
 67584 | Crypt:2  | Found a huge runed gate.
 67614 | Crypt:2  | Found the +3 Mad Mage's Maulers {Infuse+∞ VampMP -Cast}
 67614 | Crypt:2  | Noticed an ancient lich
 67614 | Crypt:2  | Noticed an ancient lich
 67627 | Crypt:2  | Identified the +0 trident "Taxait" {flame, Dex+3}
 67629 | Crypt:2  | Identified the -1 trident of Fappirph {freeze, Fragile
                  | rCorr Int+3 Dex+3}
 67658 | Crypt:2  | Killed an ancient lich
 67659 | Crypt:2  | Killed an ancient lich
 67672 | Crypt:3  | Entered Level 3 of the Crypt
 67672 | Crypt:3  | Found a huge runed gate.
 67672 | Crypt:3  | Found a huge runed gate.
 67672 | Crypt:3  | Found a huge runed gate.
 68003 | Crypt:3  | Found a huge runed gate.
 68003 | Crypt:3  | Found a huge runed gate.
 68003 | Crypt:3  | Found a huge runed gate.
 68003 | Crypt:3  | Found a huge runed gate.
 68004 | Crypt:3  | Found a huge runed gate.
 68005 | Crypt:3  | Found a huge runed gate.
 68073 | Crypt:3  | Received a gift from Nemelex Xobeh
 68468 | Crypt:3  | Found a huge runed gate.
 68468 | Crypt:3  | Found a huge runed gate.
 68468 | Crypt:3  | Found a huge runed gate.
 68469 | Crypt:3  | Found a huge runed gate.
 68469 | Crypt:3  | Found a huge runed gate.
 68470 | Crypt:3  | Found a huge runed gate.
 68470 | Crypt:3  | Found a huge runed gate.
 68470 | Crypt:3  | Found a huge runed gate.
 68470 | Crypt:3  | Found a huge runed gate.
 68470 | Crypt:3  | Found a huge runed gate.
 68471 | Crypt:3  | Found a huge runed gate.
 68472 | Crypt:3  | Found a huge runed gate.
 68473 | Crypt:3  | Found a huge runed gate.
 68474 | Crypt:3  | Found a huge runed gate.
 68475 | Crypt:3  | Found a huge runed gate.
 68483 | Crypt:3  | Found a huge runed gate.
 68483 | Crypt:3  | Found a huge runed gate.
 68483 | Crypt:3  | Found a huge runed gate.
 68483 | Crypt:3  | Found a huge runed gate.
 68483 | Crypt:3  | Found a huge runed gate.
 68539 | Crypt:3  | Found a huge runed gate.
 68549 | Crypt:3  | Found a huge runed gate.
 68550 | Crypt:3  | Found a huge runed gate.
 68551 | Crypt:3  | Found a huge runed gate.
 68699 | Crypt:3  | Found a staircase to the Tomb.
 68814 | Crypt:2  | Identified the +10 flail of Avant Garde Tenacity {protect,
                  | *Noise rElec Will- Int+5}
 68892 | Crypt:2  | Identified the scarf of Iryss {harm, Int+3}
 69013 | Crypt:3  | Found a huge runed gate.
 69014 | Crypt:3  | Found a huge runed gate.
 69015 | Crypt:3  | Found a huge runed gate.
 69054 | Crypt:3  | Reached XP level 26. HP: 139/239 MP: 16/49
 69297 | Crypt:3  | Found an ancient bone altar of Kikubaaqudgha.
 69297 | Crypt:3  | Found a basalt altar of Yredelemnul.
 69348 | Crypt:3  | Received a gift from Nemelex Xobeh
 69364 | Crypt:3  | Identified the +1 scimitar of the Hairy God {heavy, rPois
                  | rN+ rCorr SInv}
 69496 | Crypt:3  | Identified the +1 ring mail of Dowdy Satisfaction {Int+3}
 69893 | Crypt:3  | Lost mutation: Your spells are a little easier to cast, but
                  | a little less powerful. [potion of mutation]
 69893 | Crypt:3  | Lost mutation: Your body sometimes deteriorates upon taking
                  | damage. [potion of mutation]
 69893 | Crypt:3  | Lost mutation: You are weak. (Str -2) [potion of mutation]
 69893 | Crypt:3  | Gained mutation: You are somewhat resistant to further
                  | mutation. [potion of mutation]
 69893 | Crypt:3  | Gained mutation: Your mind is acute. (Int +4, Str/Dex -1)
                  | [potion of mutation]
 70117 | Hell     | Entered the Vestibule of Hell
 70119 | Hell     | Noticed Geryon
 70130 | Hell     | Killed Geryon
 70131 | Hell     | Reached skill level 1 in Long Blades
 70293 | Hell     | Found a gateway to the freezing wastes of Cocytus.
 70355 | Hell     | Found a gateway to the decaying netherworld of Tartarus.
 70587 | Hell     | Found a gateway to the ashen valley of Gehenna.
 70668 | Hell     | Found a gateway to the Iron City of Dis.
 70828 | Geh:1    | Entered Level 1 of Gehenna
 70851 | Geh:1    | HP: 8/219 [??? (3)]
 70864 | Geh:1    | Reached skill level 5 in Long Blades
 71532 | Zot:1    | Entered Level 1 of the Realm of Zot
 71936 | Zot:2    | Received a gift from Nemelex Xobeh
 72256 | Zot:3    | You fall into a shaft and drop 1 floor!
 72451 | Zot:4    | Received a gift from Nemelex Xobeh
 72746 | Zot:5    | Entered Level 5 of the Realm of Zot
 72836 | Zot:5    | Received a gift from Nemelex Xobeh
 73030 | Zot:5    | Gained mutation: You occasionally shout uncontrollably at
                  | your foes. [mutagenic glow]
 73033 | Zot:5    | Noticed an ancient lich
 73038 | Zot:5    | Noticed an orb of fire
 73041 | Zot:5    | Reached XP level 27. HP: 220/247 MP: 23/50
 73043 | Zot:5    | Killed an ancient lich
 73050 | Zot:5    | Killed an orb of fire
 73050 | Zot:5    | Gained mutation: Armour fits poorly on your strangely
                  | shaped body. [mutagenic glow]
 73055 | Zot:5    | Noticed an orb of fire
 73056 | Zot:5    | Noticed an orb of fire
 73056 | Zot:5    | Noticed an orb of fire
 73063 | Zot:5    | Killed an orb of fire
 73068 | Zot:5    | Gained mutation: You are vulnerable to cold. (rC-) [an orb
                  | of fire]
 73072 | Zot:5    | Killed an orb of fire
 73077 | Zot:5    | Killed an orb of fire
 73307 | Zot:5    | Reached skill level 10 in Long Blades
 73317 | Zot:5    | Noticed an orb of fire
 73330 | Zot:5    | Gained mutation: You are occasionally teleported next to
                  | monsters. [an orb of fire]
 73338 | Zot:5    | Killed an orb of fire
 73342 | Zot:5    | Noticed an orb of fire
 73352 | Zot:5    | Gained mutation: Your magical capacity is low. (-10% MP)
                  | [an orb of fire]
 73360 | Zot:5    | Gained mutation: You frequently scream uncontrollably at
                  | your foes. [an orb of fire]
 73369 | Zot:5    | Gained mutation: You are clumsy. (Dex -2) [an orb of fire]
 73372 | Zot:5    | Noticed an ancient lich
 73374 | Zot:5    | Killed an orb of fire
 73376 | Zot:5    | Noticed an orb of fire
 73376 | Zot:5    | Killed an ancient lich
 73385 | Zot:5    | Killed an orb of fire
 73388 | Zot:5    | Noticed an ancient lich
 73392 | Zot:5    | Noticed a dread lich
 73404 | Zot:5    | Killed an ancient lich
 73415 | Zot:5    | Killed a dread lich
 73560 | Zot:5    | Got the Orb of Zot
 73621 | Zot:5    | Lost mutation: Your mind is acute. (Int +4, Str/Dex -1)
                  | [mutagenic glow]
 74393 | D:10     | Noticed Zutsiot the pandemonium lord
 74663 | D:$      | Escaped with the Orb!

Illustrated notes

Levels and vault maps discovered:
D:1:      minmay_arrival_plants_in_alcoves, layout_basic, serial_shops, shop,
          nicolae_shop_rolled_up, nicolae_shop_hallway_stairs,
          dilly_ecumenical_altar_fadedgnrine, minmay_misc_feat_plants,
          minmay_tromino_v4_b
D:2:      layout_rooms, serial_shops, nicolae_shop_drivethru
D:3:      layout_basic, minmay_strange_pillars
D:4:      layout_basic, st_stairs_6, guppyfry_early_orc_mine
D:5:      layout_loops_ring, nicolae_overflow_hidden_temple,
          kennysheep_mini_moat, gammafunk_temple_overflow_arena,
          cheibrodos_sewer_entry_bend, kennysheep_generic_room_11
D:6:      minmay_diamond_boxcup, layout_cave_pools, tso_metal_star
D:7:      layout_rooms, nicolae_uskayaw_en_pointe, nicolae_vehumet_radiance,
          minmay_temple_entry_glassed_door, uniq_maggie, uniq_duvessa
D:8:      layout_gridville, mainiacjoe_overflow_concentric_impassable,
          nicolae_hepliaklqana_monster_ancestors, lemuel_crystal_altar,
          nicolae_ru_awakened_eye
D:9:      layout_roguey, lair_entry_dummy, minmay_orc_entry_temple_large,
          uniq_prince_ribbit1
D:10:     layout_big_octagon
D:11:     layout_loops_ring, serial_shops, shop, minmay_pinched_square
D:12:     layout_cave_pods
D:13:     layout_long_grid, nicolae_yredelemnul_corpse_copse
D:14:     layout_basic, grunt_vaults_entry_tiered,
          nicolae_trove_entry_path_of_doom, lemuel_zombie_altar_kikubaaqudgha
D:15:     grunt_enter_depths_magical_seal, layout_cave_pods,
          serial_bayou_shore_b
Temple:   hellmonk_temple_of_storms
Lair:1:   layout_roguey, grunt_megastairs_1, lemuel_fruit_fields,
          lemuel_fruit_fields
Lair:2:   layout_cave_pods, hibernation_bobbens, infiniplex_staircase_pool
Lair:3:   layout_regular_city, skrybe_swamp_entry_bodies,
          minmay_snake_entry_guardpost_small, grunt_megastairs_2,
          serial_bayou_shore_a, lemuel_fruit_fields
Lair:4:   beast_lair_carwin_large_1, layout_loops_ring, slime_entry_1
Lair:5:   due_jungle_book, layout_long_grid, minmay_stone_trees_medium,
          uniq_rupert
Swamp:1:  layout_basic_swamp, evilmike_swamp_ruin_house_6, swamp_pool1
Swamp:2:  layout_falls_marsh, evilmike_swamp_ruin_house_3
Swamp:3:  nicolae_swamp_secret_spriggan_hideout, layout_basic_swamp,
          serial_swamp_ruin, hangedman_swamp_ruin_hall,
          evilmike_swamp_ruin_house_2, infiniplex_staircase_pool_2
Swamp:4:  swamp_alternative, layout_basic_swamp, swamp_pool5
Snake:1:  layout_misc_corridors, basic_altar
Snake:2:  layout_layer_cave, uniq_vashnia
Snake:3:  layout_rooms, uniq_bai_suzhen
Snake:4:  minmay_snake_end_coiled, layout_onion, hangedman_corner_corridor
Slime:1:  cheibrodos_slime_lost_civilization_3, layout_caves
Slime:2:  layout_caves
Slime:3:  layout_caves, nicolae_slime_welcoming_committee
Slime:4:  layout_caves
Slime:5
Orc:1:    layout_diamond_mine, uniq_josephine
Orc:2:    st_orc_open, layout_diamond_mine
Elf:1:    layout_loops_corners, kennysheep_underground_church,
          lemuel_flamethrower_3, grunt_megastairs_3
Elf:2:    elven_hall_of_blades_hangedman_original
          [nicolae_blade_entry_pointy_end], layout_geoelf_grid, basic_altar,
          uniq_agnes
Elf:3:    elf_hall, layout_gridlike, serial_shops, shop_coins,
          gammafunk_ghost_tricky_traps
Vaults:1: nicolae_vaults_lopsided_apartments, ontoclasm_vaults_hangar,
          nicolae_vaults_wine_cellar, v_rooms_4, hangedman_vaults_restitches,
          nicolae_vaults_big_ls, v_misc_17, nicolae_vaults_little_squares_6,
          nicolae_vaults_double_plus_1, vaults_mumra_minichess_inversion,
          v_pattern_5, nicolae_vaults_gold_heap, nicolae_vaults_tetromino_Z_1,
          layout_vaults_omnicross, serial_shops, shop
Vaults:2: nicolae_vaults_door_testing_chamber, minmay_crypt_entry_necro_gods,
          v_alt_pattern_5, nicolae_vaults_little_squares_4,
          nicolae_vaults_storage_room_statues, vaults_room_fancy_cross,
          hangedman_vaults_trim, vaults_room_hallway,
          nicolae_vaults_tetromino_T_1, nicolae_vaults_little_squares_5,
          layout_vaults_omnigrid
Vaults:3: vaults_dpeg_diagonal, st_lines, nicolae_vaults_trapezoid_lopsided_4,
          vaults_standard_mumra_enter_the_diamond, v_misc_22,
          hangedman_vaults_capsules, layout_vaults_omnibox
Vaults:4: v_misc_1, nicolae_vaults_holding_cells, vaults_dpeg_encased_lava,
          v_misc_33, v_misc_9, nicolae_vaults_twisting_passages,
          nicolae_vaults_rhombus_5, vaults_room_stairs_pillars,
          nicolae_vaults_storage_closets_2, vaults_room_fours,
          ontoclasm_vaults_idyll, nicolae_vaults_trapezoid_lopsided_1,
          vaults_room_mumra_shop_pool, layout_vaults_ring
Vaults:5
Crypt:1:  layout_rooms, evilmike_ambush [evilmike_ambush_outer_doors,
          evilmike_ambush_inner_cross], uniq_donald, uniq_khufu
Crypt:2:  layout_gridlike, door_vault, roderic_lattice_octagonal_star
Crypt:3:  lightli_unholy_cathedral, layout_chaotic_city,
          nicolae_tomb_entry_unfolded_pyramid_orthogonal, not_door_vault_due
Depths:1: layout_gridlike, serial_shops, nicolae_shop_trees,
          pf_hell_entry_tar_spiral, nooodl_orcs_dogs, serial_bayou_shore_b,
          uniq_aizul
Depths:2: minmay_blocking_statues, layout_cave_pools, grunt_hell_horde,
          pan_entry, nzn_wu_jian_contemplation, mu_enter_wizlab_6, uniq_mara
Depths:3: gammafunk_its_a_trap, layout_cave_pools, serial_shops, shop,
          abyss_entry_small_statue_room, pf_coc_iceberg
Depths:4: grunt_crosshair, layout_gridlike, enter_ziggurat_f, hell_entry,
          roderic_lattice_a, grunt_pan_entry_spiral, minivault_16,
          minmay_shop_grove, uniq_xtahua
Hell
Geh:1:    nicolae_hells_demon_pit, layout_gehenna_pools_basic
Zot:1:    layout_onion_interference, st_stairs_9, zot_minivault_2,
          uniq_josephina
Zot:2:    layout_basic, st_stairs_11, grunt_megastairs_4
Zot:3:    layout_twisted_circle, uniq_parghit
Zot:4:    layout_basic, zot_minivault_1
Zot:5:    layout_cathedral_of_symmetry, grunt_ministairs_10,
          guppyfry_library_mini

Skill      XL: |  1  2  3  4  5  6  7  8  9 10 11 12 13 14 15 16 17 18 19 20 21 22 23 24 25 26 27 |
---------------+----------------------------------------------------------------------------------+-----
Stealth        | 2 |  2.2
Dodging        | 2 4 6 8 9 11 12 13 14 16 17 18 | 18.9
Fighting       | 2 3 4 5 6 7 9 10 | 10.0
Summonings     | 5 6 7 9 10 12 14 16 17 19 20 21 22 23 24 25 26 27 | 27.0
Spellcasting   | 3 4 5 6 8 9 10 11 12 13 14 15 16 17 18 20 21 22 23 24 | 24.7
Invocations    | 2 6 9 11 13 15 16 17 18 19 20 21 22 24 25 26 27 | 27.0
Shields        | 2 6 9 11 12 13 | 13.9
Air Magic      | 4 |  4.8
Long Blades    | 9 11 | 11.6

Action                     |  1- 3 |  4- 6 |  7- 9 | 10-12 | 13-15 | 16-18 | 19-21 | 22-24 | 25-27 || total
---------------------------+-------+-------+-------+-------+-------+-------+-------+-------+-------++-------
  Melee: Unarmed           |     8 |       |       |       |       |       |       |       |       ||     8
         Dagger            |    21 |       |       |       |       |       |       |       |       ||    21
         Trident           |    33 |    56 |   106 |   130 |   194 |   106 |    87 |       |       ||   712
         Touch             |     2 |     5 |    11 |    16 |    24 |     6 |       |       |       ||    64
         Punch             |       |       |       |     1 |     1 |     1 |       |       |       ||     3
         Demon trident     |       |       |       |       |       |       |    95 |    67 |       ||   162
         Staff             |       |       |       |       |       |       |       |    16 |    12 ||    28
         Scimitar          |       |       |       |       |       |       |       |       |    59 ||    59
   Cast: Summon Small Mamm |    43 |     7 |     5 |     5 |     1 |       |       |       |       ||    61
         Call Imp          |     5 |    11 |    29 |    33 |     5 |     3 |     1 |     7 |     5 ||    99
         Call Canine Famil |       |     7 |    33 |    42 |    18 |     2 |     3 |     1 |     1 ||   107
         Summon Guardian G |       |     2 |    26 |    16 |     4 |     1 |       |       |       ||    49
         Summon Lightning  |       |       |       |    55 |    77 |    67 |    91 |    68 |    45 ||   403
         Summon Forest     |       |       |       |     6 |    16 |    20 |    13 |     7 |     4 ||    66
         Monstrous Menager |       |       |       |       |   143 |   284 |   371 |   265 |   185 ||  1248
         Summon Hydra      |       |       |       |       |    50 |    96 |   180 |   172 |   147 ||   645
         Summon Cactus Gia |       |       |       |       |       |     6 |     4 |     7 |     9 ||    26
         Dragon's Call     |       |       |       |       |       |       |       |    28 |    29 ||    57
         Swiftness         |       |       |       |       |       |       |       |       |     2 ||     2
         Blink             |       |       |       |       |       |       |       |       |     1 ||     1
 Invoke: Draw Summoning    |       |       |       |     4 |     2 |     6 |    11 |     8 |    16 ||    47
         Draw Destruction  |       |       |       |     5 |     5 |    10 |    13 |    12 |    11 ||    56
         Draw Stack        |       |       |       |       |     2 |       |     4 |     1 |       ||     7
         Stack Five        |       |       |       |       |     1 |     1 |       |     1 |       ||     3
         Deal Four         |       |       |       |       |       |     2 |     1 |     4 |     1 ||     8
         Triple Draw       |       |       |       |       |       |       |     4 |     2 |     4 ||    10
         Draw Escape       |       |       |       |       |       |       |       |     1 |     1 ||     2
    Use: Scroll            |     5 |       |    15 |     7 |     7 |     3 |     7 |     4 |     4 ||    52
         Potion            |       |       |       |     1 |       |     1 |       |    14 |    24 ||    40
   Stab: Sleeping          |     4 |     6 |     2 |     1 |     1 |       |       |       |       ||    14
         Distracted        |       |       |     4 |     2 |     9 |     3 |    14 |     8 |     3 ||    43
         Petrified         |       |       |       |       |       |     2 |       |       |       ||     2
         Paralysed         |       |       |       |       |       |       |       |     2 |     1 ||     3
 Armour: Robe              |    16 |     4 |     9 |    40 |    70 |    61 |    39 |    75 |    28 ||   342
  Dodge: Dodged            |    42 |    16 |    60 |   107 |   146 |   114 |   117 |   390 |   260 ||  1252
         Repelled          |       |       |       |       |       |       |       |     3 |    15 ||    18
  Block: Other             |       |       |     8 |    43 |    50 |    16 |       |       |       ||   117
         Reflection        |       |       |     1 |     1 |     5 |    29 |    23 |    24 |     2 ||    85
         Kite shield       |       |       |       |       |       |    85 |   127 |   357 |   273 ||   842
